 Dungeon Crawl Stone Soup version 0.28.0-47-ge53b351184 (webtiles) character file.

Game seed: 5488400933954068751

42 GigaChad the Covered (level 3, -5/30 HPs)
             Began as a Barachi Fighter on Apr 28, 2022.
             Was an Initiate of Dithmenos.
             Slain by a gnoll
             ... wielding a +2 vampiric halberd
              (8 damage)
             ... on level 3 of the Dungeon.
             The game lasted 00:05:02 (1385 turns).

GigaChad the Covered (Barachi Fighter)              Turns: 1385, Time: 00:05:03

Health: -5/30      AC:  7    Str: 17    XL:     3   Next: 54%
Magic:  3/3        EV:  9    Int:  8    God:    Dithmenos [......]
Gold:   129        SH:  5    Dex: 13    Spells: 2/2 levels left

rFire   . . .      SeeInvis .   a - +0 long sword
rCold   . . .      Faith    .   c - +0 buckler
rNeg    . . .      Spirit   .   b - +0 scale mail
rPois   .          Reflect  .   (no helmet)
rElec   .          Harm     .   (no cloak)
rCorr   .          Rampage  .   (no gloves)
Will    .....                   (no boots)
Stlth   ..........              (no amulet)
HPRegen 0.10/turn               (no ring)
MPRegen 0.08/turn               (no ring)

@: slow
A: amphibious, slowness 1, strong legs 1, +LOS
a: Hop, Renounce Religion


You were on level 3 of the Dungeon.
You worshipped Dithmenos.
Dithmenos was noncommittal.
You visited 1 branch of the dungeon, and saw 3 of its levels.

You collected 129 gold pieces.

Inventory:

Hand Weapons
 a - a +0 long sword (weapon)
Armour
 b - a +0 scale mail (worn)
 c - a +0 buckler (worn)
 h - the +2 robe "Nymutuaf" {Str+3}
   (You found it on level 2 of the Dungeon)

   Str:       It affects your strength (+3).
Scrolls
 i - a scroll of enchant weapon {unknown}
 j - a scroll of identify {unknown}
 k - a scroll of summoning {unknown}
Potions
 d - a potion of might
 e - a potion of lignification {unknown}
 f - 3 potions of resistance {unknown}
 g - a potion of mutation {unknown}


   Skills:
 + Level 4.0 Fighting
 + Level 3.1 Long Blades
 + Level 4.2 Armour
 + Level 0.5 Dodging
 + Level 3.6 Shields


You had 2 spell levels left.
You didn't know any spells.
Your spell library was empty.

Dungeon Overview and Level Annotations

Branches:
Dungeon (3/15)

Altars:
Dithmenos


Innate Abilities, Weirdness & Mutations

You are amphibious.
You cover ground slowly.
You can hop short distances.
You have an extended range of vision and can be seen from far away.


Message History

There is a stone staircase leading down here.
You climb downwards.
The endoplasm quivers.
The orc shouts!
The orc wizard shouts!
Found a ring mail and a fizzy yellow potion.
There is a stone staircase leading up here.
The orc wizard mumbles some strange words.
The orc wizard flickers and vanishes!
Deactivating autopickup; reactivate with Ctrl-A.
You climb upwards.
Reactivating autopickup.
There is a stone staircase leading down here.
You see here a +0 ring mail.
There is an escape hatch in the floor here.
You slide downwards.
The hatch slams shut behind you.
Found a robe.
Found a shadowy altar of Dithmenos.
There is a shadowy altar of Dithmenos here.
You kneel at the altar of Dithmenos.
Dithmenos welcomes you!
A gnoll comes into view. It is wielding a +0 club.
The gnoll shouts!
You hear a shout!
A gnoll comes into view. It is wielding a +2 vampiric halberd.
You hear an angry hiss.
You closely miss the gnoll.
The gnoll hits you from afar with a +2 vampiric halberd.
The gnoll hits you with a +0 club!
A gnoll comes into view. It is wielding a +0 whip.
The gnoll shouts!
You block the gnoll's attack. The gnoll hits you but does no damage.
You hit the gnoll but do no damage. The gnoll hits you but does no damage.
The gnoll barely misses you.
An adder comes into view.
You slash the gnoll!
The gnoll is severely wounded.
The gnoll hits you with a +2 vampiric halberd!
The gnoll draws strength from your wounds!
The gnoll hits you with a +0 club!
* * * LOW HITPOINT WARNING * * *
The gnoll hits you with a +2 vampiric halberd!
You die...

######
#gg@.#
#..##g##
#..##...##
#.S##.....##
#.##.......#
#. #..._...#
# #.......#
##..[..##
##...##


You could see 3 gnolls and an adder.

Vanquished Creatures
  A worm (D:2)
  A dart slug (D:1)
  5 ball pythons
  3 bats
  4 endoplasms
  3 giant cockroaches
  3 goblins
  A hobgoblin (D:1)
  3 jackals (D:1)
  3 quokkas
  2 frilled lizards (D:1)
  3 rats
32 creatures vanquished.

Notes
Turn   | Place    | Note
-------+----------+-------------------------------------------
     0 | D:1      | GigaChad the Barachi Fighter began the quest for the Orb.
     0 | D:1      | Reached XP level 1. HP: 18/18 MP: 1/1
    94 | D:1      | Reached XP level 2. HP: 22/25 MP: 2/2
   562 | D:1      | Reached XP level 3. HP: 21/30 MP: 3/3
   848 | D:2      | Identified the +2 robe "Nymutuaf" {Str+3}
  1368 | D:3      | Found a shadowy altar of Dithmenos.
  1370 | D:3      | Became a worshipper of Dithmenos the Shadowed
  1385 | D:3      | Slain by a gnoll

Illustrated notes

Levels and vault maps discovered:
D:1:      minmay_arrival_split_and_join, layout_basic
D:2:      layout_basic
D:3:      layout_loops_ring, lemuel_round_altar,
          hellmonk_ecumenical_altar_zigzags

Skill      XL: |  1  2  3 |
---------------+----------+-----
Armour         | 4 |  4.2
Long Blades    | 3 |  3.1
Fighting       | 4 |  4.0
Dodging        | |  0.5
Shields        | |  3.6

Action                   || total
-------------------------++-------
Melee: Long sword        ||   102
Armor: Scale mail        ||   105
Dodge: Dodged            ||   117
Block: Buckler           ||    52
